 Dungeon Crawl Stone Soup version 0.30-a0-223-gcb0039aa0c (webtiles) character file.

Game seed: 11898368509746014379

233 qw the Cleaver (level 6, 0/38 HPs)
             Began as a Gargoyle Fighter on Oct 9, 2022.
             Slain by Edmund
             ... wielding a +1 vorpal dire flail
              (2 damage)
             ... on level 4 of the Dungeon.
             The game lasted 00:01:04 (2597 turns).

qw the Cleaver (Gargoyle Fighter)                   Turns: 2597, Time: 00:01:05

Health: 0/38       AC: 15    Str: 21    XL:     6   Next: 5%
Magic:  0/6        EV:  9    Int:  9    God:
Gold:   192        SH:  4    Dex:  9    Spells: 5/5 levels left

rFire   . . .      SeeInvis .    Y - +1 war axe
rCold   . . .      Faith    .    c - +0 buckler
rNeg    + + .      Spirit   +    b - +0 scale mail
rPois   inf        Reflect  .    (no helmet)
rElec   +          Harm     .    (no cloak)
rCorr   .          Rampage  .    (no gloves)
Will    .....                    (no boots)
Stlth   ..........               i - amulet of guardian spirit
HPRegen 0.26/turn                o - +4 ring of protection
MPRegen 0.10/turn                j - ring of positive energy

@: no status effects
A: sickness immunity, AC +4, negative energy resistance 1, electricity
resistance, torment resistance 1, petrification resistance
a: no special abilities


You were on level 4 of the Dungeon.
You visited 1 branch of the dungeon, and saw 4 of its levels.

You collected 217 gold pieces.
You spent 25 gold pieces at shops.


Innate Abilities, Weirdness & Mutations

You are immune to sickness and miasma.
Your stone body is resilient. (AC +4)
You are immune to poison.
You resist negative energy. (rN+)
You are resistant to electric shocks. (rElec)
You are resistant to unholy torment.
You are immune to petrification.


   Skills:
 + Level 3.9 Fighting
 - Level 11.2 Axes
 - Level 3.2 Armour
 - Level 3.2 Shields


You had 5 spell levels left.
You didn't know any spells.
Your spell library was empty.

Inventory:

Hand Weapons
 l - a +0 flail of holy wrath
 Y - a +1 war axe (weapon)
Armour
 b - a +0 scale mail (worn)
 c - a +0 buckler (worn)
Jewellery
 i - an amulet of guardian spirit (around neck)
 j - a ring of positive energy (right hand)
 o - a +4 ring of protection (left hand)
Scrolls
 a - a scroll of fear {unknown}
 f - 2 scrolls of identify
 h - 2 scrolls of teleportation
Potions
 d - a potion of might
 g - a potion of curing
 k - 2 potions of lignification
 m - a potion of cancellation

Dungeon Overview and Level Annotations

Branches:
Dungeon (4/15)
 Temple: D:4-7

Altars:
Trog

Shops:
D:2 (

Annotations:
D:2 1 runed translucent door, Crazy Yiuf
D:4 Edmund


Message History

Edmund is moderately wounded.
Edmund hits you with a +1 vorpal dire flail!
You closely miss Edmund.
Edmund is moderately wounded.
You block Edmund's attack.
You barely miss Edmund.
Edmund is moderately wounded.
Edmund hits you but does no damage.
You slash Edmund!
Edmund is heavily wounded.
Edmund hits you but does no damage.
You hit Edmund.
Edmund is heavily wounded.
Edmund hits you but does no damage.
You hit Edmund but do no damage.
Edmund is heavily wounded.
Edmund hits you with a +1 vorpal dire flail.
You barely miss Edmund.
Edmund is heavily wounded.
Edmund hits you with a +1 vorpal dire flail.
You closely miss Edmund.
Edmund is heavily wounded.
Edmund says, "A flail is better than a scythe, any day of the week!"
Edmund hits you with a +1 vorpal dire flail.
You closely miss Edmund.
Edmund is heavily wounded.
Edmund hits you but does no damage.
You hit Edmund.
Edmund is severely wounded.
You block Edmund's attack.
You closely miss Edmund.
Edmund is severely wounded.
Edmund hits you with a +1 vorpal dire flail.
You barely miss Edmund.
Edmund is severely wounded.
Edmund hits you but does no damage.
You slash Edmund!
Edmund is almost dead.
Edmund hits you with a +1 vorpal dire flail!
You die...

# #.#
##.#.###
#......#
.....>..#.#
##
####...##.#
. ##.# #.#
.# #. #.#
#.## #.
#.##@..# #.
#.#@# #...#
###.# ##..
###


You could see Edmund.

Vanquished Creatures
  A hound (D:3)
  Ijyb (D:3)
  3 adders
  A shadow imp (D:3)
  A worm (D:4)
  4 dart slugs
  8 bats
  6 endoplasms
  A giant cockroach (D:2)
  6 goblins
  4 hobgoblins
  7 jackals (D:1)
  6 kobolds
  A quokka (D:1)
  2 ball pythons
  3 frilled lizards
  4 rats
59 creatures vanquished.

Notes
Turn   | Place    | Note
-------+----------+-------------------------------------------
     0 | D:1      | qw the Gargoyle Fighter began the quest for the Orb.
     0 | D:1      | Reached XP level 1. HP: 14/14 MP: 1/1
     0 | D:1      | 0 ||| qw: Version: 0.2-a-17-g06abaee
     0 | D:1      | 0 ||| qw: Game counter: 2200
     0 | D:1      | 0 ||| qw: Always use a shield: true
     0 | D:1      | 0 ||| qw: God list: Okawaru
     0 | D:1      | 0 ||| qw: Allow faded altars: false
     0 | D:1      | 0 ||| qw: Do Orc after D:15 true
     0 | D:1      | 0 ||| qw: Do second Lair branch before Depths: true
     0 | D:1      | 0 ||| qw: Lair rune preference: random
     0 | D:1      | 0 ||| qw: Plans: Normal, Zot:1-4, God:TSO, Crypt, Tomb,
                  | Pan, Slime:5, Hells, Abyss, Orb
     0 | D:1      | 0 ||| PLANNING D:1-11
    24 | D:1      | Reached skill level 2 in Axes
   134 | D:1      | Reached XP level 2. HP: 19/19 MP: 2/2
   172 | D:1      | 172 ||| Stepping ~*~*~tactically~*~*~ (hiding).
   333 | D:1      | 333 ||| Stepping ~*~*~tactically~*~*~ (stealth).
   338 | D:1      | Reached skill level 3 in Axes
   347 | D:1      | Reached XP level 3. HP: 23/23 MP: 3/3
   419 | D:1      | 419 ||| Stepping ~*~*~tactically~*~*~ (stealth).
   420 | D:1      | 420 ||| Stepping ~*~*~tactically~*~*~ (stealth).
   421 | D:1      | 421 ||| Stepping ~*~*~tactically~*~*~ (stealth).
   609 | D:1      | 609 ||| UPGRADING to +4 ring of protection.
   610 | D:1      | 610 ||| READING scroll labelled JYUTRETYRPH.
   611 | D:1      | 611 ||| READING 5 scrolls labelled KOEB ONETU.
   612 | D:1      | 612 ||| READING scroll labelled GONUEZ KERICW.
   613 | D:1      | 613 ||| READING scroll labelled EZOMPOELOF.
   618 | D:1      | 618 ||| READING scroll labelled LAMUXISSOM.
   619 | D:1      | 619 ||| DRINKING 2 fuming inky potions.
   720 | D:1      | 720 ||| READING 4 scrolls of identify.
   720 | D:1      | 720 ||| IDENTIFYING sapphire potion
   721 | D:1      | 721 ||| READING 3 scrolls of identify.
   721 | D:1      | 721 ||| IDENTIFYING fizzy blue potion
   722 | D:1      | 722 ||| READING 2 scrolls of identify.
   722 | D:1      | 722 ||| IDENTIFYING lumpy amethyst potion
   723 | D:1      | 723 ||| DROPPING potion of degeneration.
   724 | D:1      | 724 ||| DROPPING potion of ambrosia.
   832 | D:2      | 832 ||| Stepping ~*~*~tactically~*~*~ (hiding).
   861 | D:2      | Found Yrau's Weapon Shoppe.
   867 | D:2      | 867 ||| BUYING +0 whip (25 gold).
   867 | D:2      | Bought a +0 whip for 25 gold pieces
   867 | D:2      | 867 ||| SHOPLISTING +1 war axe of Impeachment {flame, rElec
                  | rCorr} (309 gold, have 68).
   867 | D:2      | 867 ||| SHOPLISTING +8 flail of Slime {vorpal, rPois} (564
                  | gold, have 68).
   867 | D:2      | 867 ||| DROPPING +0 club.
  1101 | D:2      | Reached XP level 4. HP: 28/28 MP: 4/4
  1408 | D:2      | Found a runed translucent door.
  1409 | D:2      | Noticed Crazy Yiuf
  1517 | D:2      | 1517 ||| Stepping ~*~*~tactically~*~*~ (stealth).
  1518 | D:2      | 1518 ||| Stepping ~*~*~tactically~*~*~ (stealth).
  1804 | D:2      | 1804 ||| UPGRADING to amulet of guardian spirit.
  1809 | D:2      | 1809 ||| UPGRADING to ring of positive energy.
  1810 | D:2      | 1810 ||| READING scroll labelled XUAMID QIVA.
  1811 | D:2      | 1811 ||| DRINKING 2 ruby potions.
  1812 | D:2      | 1812 ||| READING 2 scrolls of identify.
  1812 | D:2      | 1812 ||| IDENTIFYING red potion
  1813 | D:2      | 1813 ||| DRINKING potion of experience.
  1813 | D:2      | Reached skill level 11 in Axes
  1813 | D:2      | Reached XP level 5. HP: 32/32 MP: 5/5
  2015 | D:3      | Noticed Ijyb
  2016 | D:3      | 2016 ||| Stepping ~*~*~tactically~*~*~ (hiding).
  2027 | D:3      | Killed Ijyb
  2059 | D:3      | 2059 ||| Stepping ~*~*~tactically~*~*~ (hiding).
  2060 | D:3      | 2060 ||| Stepping ~*~*~tactically~*~*~ (hiding).
  2105 | D:3      | 2105 ||| DROPPING +0 whip.
  2359 | D:3      | 2359 ||| Stepping ~*~*~tactically~*~*~ (stealth).
  2365 | D:3      | Reached XP level 6. HP: 38/38 MP: 6/6
  2490 | D:3      | 2490 ||| READING scroll labelled KOLLITIYXU.
  2491 | D:3      | 2491 ||| READING scroll labelled QUMPIM VAEFYNISOTS.
  2492 | D:3      | 2492 ||| READING 2 scrolls of identify.
  2492 | D:3      | 2492 ||| IDENTIFYING pink potion
  2493 | D:3      | 2493 ||| DROPPING potion of invisibility.
  2529 | D:4      | Found a bloodstained altar of Trog.
  2580 | D:4      | Noticed Edmund
  2597 | D:4      | HP: 2/38 [Edmund/+1 vorpal dire flail (9)]
  2597 | D:4      | Slain by Edmund

Levels and vault maps discovered:
D:1:      minmay_arrival_radiant_lines, layout_rooms
D:2:      layout_loops_corners, serial_shops, nicolae_shop_crystal,
          uniq_crazy_yiuf_cottage
D:3:      layout_basic, uniq_ijyb
D:4:      layout_loops_ring, mainiacjoe_overflow_concentric_impassable,
          uniq_sigmund, uniq_edmund

Skill      XL: |  1  2  3  4 |
---------------+-------------+-----
Axes           | 2 3 11 | 11.2
Fighting       | |  3.9
Armour         | |  3.2
Shields        | |  3.2

Action                   |  1- 3 |  4- 6 || total
-------------------------+-------+-------++-------
Melee: War axe           |    99 |   100 ||   199
  Use: Scroll            |     8 |     5 ||    13
       Potion            |     1 |     2 ||     3
Armor: Scale mail        |    58 |    50 ||   108
Dodge: Dodged            |    47 |    25 ||    72
Block: Buckler           |    23 |    10 ||    33

Table legend:
 A = Non-vault XP
 B = Vault XP
 C = Vault XP percentage of total XP
 D = Non-vault monster count
 E = Vault monster count
 F = Vault count percentage of total count
                 A         B        C        D         E       F
            +---------+---------+-------+---------+---------+-------
      Total |     202 |      36 |  15.1 |      58 |       1 |   1.7
            +---------+---------+-------+---------+---------+-------
        D:1 |      54 |       0 |   0.0 |      28 |       0 |   0.0
        D:2 |      44 |       0 |   0.0 |      11 |       0 |   0.0
        D:3 |      95 |      36 |  27.5 |      16 |       1 |   5.9
        D:4 |       9 |       0 |   0.0 |       3 |       0 |   0.0
            +---------+---------+-------+---------+---------+-------
